woodfighter, neutral female human Wizard ---- -.. .. .. -.. -(. .. . . . -- -. -.- --. ..----.. .......- ......| .....-- .....--- -......- .G%.... -@.- ---- woodfighter the Conjurer Experience level: 4 Strength: 11 Dexterity: 12 Constitution: 12 Intelligence: 18 Wisdom: 17 Charisma: 8 Health: 0(28) Energy: 5(53) Def: 2 Gold: 0 Moves: 2880 Dungeon seed: iR3FRDqOs-vU0kwT Game ID: woodfighter_1446903459 Your Inventory: Weapons a - a blessed +1 quarterstaff (weapon in hands) T - a cursed -1 elven dagger Armor e - an uncursed +0 cloak of magic resistance (being worn) n - an uncursed +0 pair of leather gloves (being worn) q - a cursed +0 pair of iron shoes r - a blessed +0 dwarvish cloak y - an uncursed +0 pair of iron shoes A - a cursed -1 pair of iron shoes I - a blessed +1 pair of iron shoes L - a blessed +0 dwarvish cloak M - an uncursed +0 pair of iron shoes P - an uncursed +0 dwarvish cloak Q - an uncursed +0 orcish helm R - an uncursed +0 pair of iron shoes S - an uncursed +1 dwarvish iron helm W - a blessed +1 dwarvish iron helm X - an uncursed +0 dwarvish cloak Y - an uncursed +0 dwarvish cloak Comestibles f - an uncursed tripe ration h - 2 uncursed eucalyptus leaves J - an uncursed orange Potions V - an uncursed potion of confusion Tools s - an uncursed sack u - a +0 pick-axe v - 12 uncursed tallow candles (0:200) w - 9 uncursed wax candles (0:400) x - a cursed wax candle (0:400) C - an uncursed towel Gems z - an uncursed worthless piece of white glass G - 2 uncursed worthless pieces of yellowish brown glass K - an uncursed agate stone N - an uncursed worthless piece of orange glass O - 2 uncursed worthless pieces of violet glass Contents of the sack: 385 gold pieces an uncursed scroll of destroy armor an uncursed scroll of earth an uncursed scroll of identify an uncursed scroll of teleportation an uncursed spellbook of create monster an uncursed spellbook of extra healing a blessed spellbook of force bolt a blessed potion of extra healing a blessed potion of sleeping a blessed potion of speed a potion of unholy water an uncursed ring of stealth a wand of nothing (0:4) a wand of probing (0:8) a wand of speed monster (0:6) Spells and supernatural/magical abilities: Name Level Category Fail Memory a - force bolt 1 attack 0% 86% x - extra healing 3 healing 85% 86% W - pray for help -- divine ? -- Your skills at the end: Miscellaneous Skills wands [Basic] Weapon Skills quarterstaff [Basic] Spellcasting Skills attack spells [Basic] enchantment spells [Basic] Final Attributes: You were devoutly aligned. You were poison resistant. You were magic-protected. You are dead. Vanquished creatures: a dwarf king a leprechaun a rock piercer 3 gnome lords 3 gnomish wizards a gray ooze a straw golem a floating eye 7 dwarves 3 hill orcs a giant bat a coyote 3 hobbits an acid blob a large kobold 3 geckos 2 cave spiders 2 yellow molds a green mold 17 gnomes 9 jackals 2 foxes a kobold 6 newts a goblin a sewer rat 2 grid bugs 2 bats 4 lichens 4 kobold zombies 86 creatures vanquished. Voluntary challenges: You did not adorn yourself with jewelry or accessories. You used a wielded weapon 34 times, starting on turn 801. You did not apply a unicorn horn. You were illiterate. You never genocided any monsters. You never polymorphed an object. You never changed form. You used no wishes. You never split a pudding. You never wrote Elbereth's name. You never violated your personal moral code. Dungeon overview: The Dungeons of Doom: levels 1 to 4 Level 1 a long staircase Level 2 a fountain Level 3 (statue) a fountain stairs to The Gnomish Mines Level 4 The Gnomish Mines: levels 4 to 6 Level 4 stairs to The Dungeons of Doom Level 5 Level 6 <- You were here History has recorded: On T:1 you entered the Dungeons of Doom to retrieve the Amulet of Yendor! On T:238 you reached level 2 of The Dungeons of Doom. On T:877 you reached level 3 of The Dungeons of Doom. On T:1080 you reached level 1 of The Gnomish Mines. On T:1310 you reached level 4 of The Dungeons of Doom. On T:1390 you advanced to experience level 2. On T:1577 you advanced to experience level 3. On T:1686 you reached level 2 of The Gnomish Mines. On T:2314 you reached level 3 of The Gnomish Mines. On T:2466 you advanced to experience level 4. Score breakdown: Gold: 385 ( 38 points) Experience: 4 levels ( 300 points) Exploration: 6 levels ( 150 points) Discoveries: 2 items ( 100 points) Variety of kills: 30 monsters ( 1500 points) Major goal: (nothing yet) ( 0 points) Survival: died (score multiplied by 3) Total score: 6264 Latest messages: A cave spider was hidden under a hooded cloak! The cave spider bites! The hobbit wields a dagger! The dagger welds itself to the hobbit's hand! You don't have enough stamina to move. The gnome punches you! You die... Final status: Goodbye woodfighter the Wizard, killed by a gnome... You died in The Gnomish Mines on dungeon level 6 with 6264 points, and 385 pieces of gold, after 2880 moves. You were level 4 with a maximum of 28 hit points when you died.